 Dungeon Sprint DCSS version 0.30.1-11-g7821555f0a (webtiles) character file.

Game seed: 2112166540902264574

20037 Heoruswealwe the Phalangite (level 12, -7/130 HPs)
             Began as a Minotaur Fighter on Dec 7, 2023.
             Was an Initiate of Gozag.
             Mangled by a vampire knight
             ... wielding a +0 great mace
              (10 damage)
             ... in the Dungeon (Sprint IX: "|||||||||||||||||||||||||||||").
             The game lasted 00:15:09 (2131 turns).

Heoruswealwe the Phalangite (Minotaur Fighter)      Turns: 2131, Time: 00:15:09

Health: -7/130     AC: 33    Str: 26    XL:     12   Next: 41%
Magic:  11/11      EV: 10    Int:  5    God:    Gozag
Gold:   162        SH:  0    Dex: 10    Spells: 11/11 levels left

rFire   . . .        b - +2 halberd (protect)
rCold   . . .        (shield currently unavailable)
rNeg    . . .        c - +0 plate armour
rPois   .            g - +1 hat {Stlth+}
rElec   .            h - +0 cloak
rCorr   .            (no gloves)
SInv    .            e - +1 pair of boots {Fly}
Will    .....        (no amulet) Stlth
                     k - +2 ring of protection
HPRegen 0.41/turn    j - +2 ring of evasion
MPRegen 0.12/turn

%: no teleportation
@: gold aura, under a protective aura, flying
A: horns 2, retaliatory headbutt
a: Renounce Religion, Potion Petition, Call Merchant, Bribe Branch


You were in the Dungeon.
You worshipped Gozag.
Gozag was aware of your devotion.
You visited 1 branch You collected 7930 gold pieces.
You spent 3161 gold pieces at shops.
You paid 4607 gold pieces to Gozag.

Inventory:

Hand Weapons
 a - a +0 trident
 b - a +2 halberd of protection (weapon)
 t - the +7 captain's cutlass {speed, disarm}
   (You bought it in a shop in the Dungeon)
Armour
 c - a +0 plate armour (worn)
 d - a +0 buckler
 e - a +1 pair of boots of flying (worn)
 g - a +1 hat of stealth (worn)
 h - a +0 cloak (worn)
 u - a +2 cloak of stealth
Jewellery
 j - a +2 ring of evasion (right hand)
 k - a +2 ring of protection (left hand)
Wands
 r - a wand of roots (18)
Scrolls
 n - 2 scrolls of blinking
 p - a scroll of identify
 q - 4 scrolls of enchant weapon
 w - 4 scrolls of enchant armour
Potions
 f - 9 potions of heal wounds
 i - a potion of berserk rage
 l - 8 potions of curing
 m - 4 potions of might
 s - 3 potions of haste
Miscellaneous
 o - a phantom mirror
 v - a condenser vane


   Skills:
 + Level 19.5 Fighting
 * Level 26.1 Polearms
 + Level 19.5 Armour
 - Level 3.6 Shields


You had 11 spell levels left.
You didn't know any spells.
Your spell library was empty.

Dungeon Overview and Level Annotations

Branches:
Dungeon (1/1)

Altars:
Cheibriados
Dithmenos
Elyvilon
Fedhas
Gozag
Hepliaklqana
Kikubaaqudgha
Makhleb
Nemelex Xobeh
Okawaru
Qazlal
Ru
Sif Muna
Trog
Uskayaw
Vehumet
Wu Jian
Xom
Yredelemnul
Zin
The Shining One
Jiyva
Lugonu

Shops:
D ==(((*([*


Innate Abilities, Weirdness & Mutations

You have a pair of horns on your head.
You reflexively headbutt those who attack you in melee.


Message History

Something bites you but does no damage. Something hits you!
* * * LOW HITPOINT WARNING * * *
Something bites you but does no damage.
A rakshasa comes into view. It is wielding a +0 whip.
The tengu warrior is engulfed in blazing flames.
The tengu warrior unwields a +0 arbalest.
The tengu warrior wields a +0 broad axe.
The tengu warrior hits you with a +0 broad axe.
* * * LOW HITPOINT WARNING * * *
The tengu warrior pecks you but does no damage.
The tengu warrior claws you but does no damage.
Things that are here:
189 gold pieces; a +3 scimitar of flaming Unknown command.
You closely miss the tengu warrior.
The tengu warrior is moderately wounded.
Something hits you but does no damage. Something bites you but does no damage.
You hear a shout!
You hit the tengu warrior.
The tengu warrior is heavily wounded.
The deep elf pyromancer casts a spell.
The deep elf pyromancer blinks!
The tengu warrior barely misses you. You furiously retaliate!
You headbutt the tengu warrior!
The tengu warrior pecks you but does no damage.
The tengu warrior claws you.
* * * LOW HITPOINT WARNING * * *
You slash the tengu warrior! You headbutt the tengu warrior!
You kill the tengu warrior!
You slash the ettin!
The ettin is lightly wounded.
The rakshasa blinks!
The ettin closely misses you. You furiously retaliate!
You headbutt the ettin. The ettin closely misses you.
The vampire mage casts a spell.
The vampire mage flickers and vanishes!
You slash the ettin! You headbutt the ettin!
The ettin is moderately wounded.
Something hits you!
You die...
Your body crumbles into a pile of gold.

▓_▓.▓.▓.▓.▓.▓.▓
▓_▓.▓.▓.▓'▓.▓.▓
▓'▓.▓'▓.▓[▓.▓.▓
▓!▓.▓.▓.▓[▓.▓$▓
▓?▓.▓.▓.▓.▓.▓$▓
▓)▓.▓.▓.▓.▓.▓e▓
▓[▓.▓.▓.▓.▓.▓.▓
▓.▓.▓.▓.▓∩▓.▓{▓
▓[▓.▓.▓.▓.▓.▓@▓
▓.▓.▓.▓.▓∩▓.▓C▓
▓.▓.▓.▓.▓.▓.▓p▓
▓.▓.▓!▓.▓∩▓.▓.▓
▓'▓.▓[▓.▓.▓.▓{▓
▓)▓.▓.▓.▓∩▓.▓§▓
▓.▓.▓(▓.▓.▓.▓.▓
▓.▓.▓'▓.▓∩▓.▓.▓
▓.▓.▓.▓.▓.▓.▓


You could see an ettin, a deep elf pyromancer and a necromancer.

Vanquished Creatures
  Gastronok (D)
  A very ugly thing (D)
  A stone giant (D)
  Harold (D)
  Urug (D)
  A two-headed ogre (D)
  A tengu warrior (D)
  An orc high priest (D)
  Sonja (D)
  4 orc knights (D)
  9 orc sorcerers (D)
  A manticore (D)
  6 cyclopes (D)
  2 black mambas (D)
  A cane toad (D)
  2 komodo dragons (D)
  An efreet (D)
  A troll (D)
  A polar bear (D)
  A blink frog (D)
  A dream sheep (D)
  A slime creature (D)
  2 wyverns (D)
  3 yaks (D)
  A steam dragon (D)
  A basilisk (D)
  A redback (shapeshifter) (D)
  A vampire mosquito (D)
  6 water moccasins (D)
  2 hell hounds (D)
  An ice beast (D)
  A black bear (D)
  4 orc warriors (D)
  6 wolves (D)
  A centaur (D)
  A bullfrog (D)
  A killer bee (D)
  A jelly (D)
  3 orc priests (D)
  8 orc wizards (D)
  10 orcs (D)
  An endoplasm (D)
  A hobgoblin (D)
  A kobold (D)
  A quokka (D)
  A frilled lizard (D)
99 creatures vanquished.

Notes
Turn   | Place    | Note
-------+----------+-------------------------------------------
     0 | D        | Heoruswealwe the Minotaur Fighter began the quest for the
                  | Orb.
     0 | D        | Reached XP level 1. HP: 19/19 MP: 0/0
     7 | D        | Reached skill level 3 in Polearms
    20 | D        | Noticed a jelly
    20 | D        | Noticed a water moccasin
    20 | D        | Noticed a black bear
    20 | D        | Noticed an ice beast
    22 | D        | Killed a jelly
    23 | D        | Reached skill level 5 in Fighting
    23 | D        | Reached skill level 5 in Polearms
    23 | D        | Reached skill level 5 in Armour
    23 | D        | Reached XP level 2. HP: 28/29 MP: 1/1
    23 | D        | Reached XP level 3. HP: 35/36 MP: 2/2
    29 | D        | Reached skill level 6 in Polearms
    37 | D        | Killed a water moccasin
    38 | D        | Reached skill level 9 in Polearms
    38 | D        | Reached XP level 4. HP: 30/47 MP: 3/3
    38 | D        | Reached XP level 5. HP: 33/52 MP: 4/4
    44 | D        | Killed a black bear
    45 | D        | Reached skill level 10 in Polearms
    50 | D        | Killed an ice beast
    51 | D        | Reached skill level 11 in Polearms
    51 | D        | Reached XP level 6. HP: 40/62 MP: 5/5
    57 | D        | Found a snail-covered altar of Cheibriados.
    57 | D        | Found a shadowy altar of Dithmenos.
    57 | D        | Found a white marble altar of Elyvilon.
    57 | D        | Found a blossoming altar of Fedhas.
    57 | D        | Found an opulent altar of Gozag.
    58 | D        | Found a hazy altar of Hepliaklqana.
    59 | D        | Found a viscous altar of Jiyva.
    60 | D        | Found an ancient bone altar of Kikubaaqudgha.
    61 | D        | Found a corrupted altar of Lugonu.
    62 | D        | Found a burning altar of Makhleb.
    63 | D        | Found a sparkling altar of Nemelex Xobeh.
    64 | D        | Found an iron altar of Okawaru.
    65 | D        | Found a stormy altar of Qazlal.
    67 | D        | Became a worshipper of Gozag Ym Sagoz the Greedy
    69 | D        | Found a sacrificial altar of Ru.
    70 | D        | Found a shimmering blue altar of Sif Muna.
    71 | D        | Found a bloodstained altar of Trog.
    72 | D        | Found a hide-covered altar of Uskayaw.
    73 | D        | Found a radiant altar of Vehumet.
    74 | D        | Found an ornate altar of the Wu Jian Council.
    75 | D        | Found a shimmering altar of Xom.
    76 | D        | Found a basalt altar of Yredelemnul.
    77 | D        | Found a glowing silver altar of Zin.
    78 | D        | Found a glowing golden altar of the Shining One.
   129 | D        | Noticed a steam dragon
   129 | D        | Noticed a yak
   129 | D        | Noticed a yak
   138 | D        | Reached skill level 12 in Polearms
   142 | D        | Killed a steam dragon
   143 | D        | Reached XP level 7. HP: 55/71 MP: 6/6
   151 | D        | Killed a yak
   152 | D        | Reached skill level 10 in Fighting
   152 | D        | Reached skill level 13 in Polearms
   152 | D        | Reached skill level 10 in Armour
   161 | D        | Killed a yak
   162 | D        | Reached skill level 14 in Polearms
   275 | D        | Noticed a two-headed ogre
   275 | D        | Noticed a cyclops
   275 | D        | Noticed a slime creature
   275 | D        | Noticed a troll
   275 | D        | Noticed a cyclops
   275 | D        | Noticed a cyclops
   277 | D        | Killed a two-headed ogre
   278 | D        | Reached skill level 15 in Polearms
   278 | D        | Reached XP level 8. HP: 49/83 MP: 7/7
   284 | D        | Killed a cyclops
   285 | D        | Reached skill level 16 in Polearms
   287 | D        | Killed a slime creature
   288 | D        | Reached XP level 9. HP: 57/92 MP: 8/8
   290 | D        | Killed a troll
   291 | D        | Reached skill level 17 in Polearms
   296 | D        | Killed a cyclops
   303 | D        | Killed a cyclops
   304 | D        | Reached skill level 18 in Polearms
   452 | D        | Noticed Sonja
   458 | D        | Killed Sonja
   631 | D        | Noticed a komodo dragon
   631 | D        | Noticed a cane toad
   637 | D        | Reached skill level 19 in Polearms
   641 | D        | Killed a komodo dragon
   642 | D        | Reached XP level 10. HP: 65/104 MP: 9/9
   646 | D        | Killed a cane toad
   658 | D        | Reached skill level 20 in Polearms
   667 | D        | Reached skill level 15 in Fighting
   667 | D        | Reached skill level 15 in Armour
   762 | D        | Noticed a black mamba
   765 | D        | Killed a black mamba
   775 | D        | Noticed a black mamba
   791 | D        | Reached skill level 21 in Polearms
   804 | D        | Killed a black mamba
  1004 | D        | Noticed Urug
  1022 | D        | Killed Urug
  1023 | D        | Reached skill level 22 in Polearms
  1023 | D        | Reached XP level 11. HP: 92/115 MP: 10/10
  1098 | D        | Noticed Gastronok
  1112 | D        | Killed Gastronok
  1167 | D        | Noticed Harold
  1174 | D        | Killed Harold
  1260 | D        | Noticed a stone giant
  1277 | D        | Killed a stone giant
  1278 | D        | Reached skill level 23 in Polearms
  1455 | D        | Noticed an orc high priest
  1455 | D        | Noticed an orc knight
  1457 | D        | Noticed an orc knight
  1462 | D        | Killed an orc high priest
  1462 | D        | Noticed an orc sorcerer
  1465 | D        | Noticed an orc knight
  1468 | D        | Killed an orc knight
  1470 | D        | Noticed an orc knight
  1478 | D        | Killed an orc knight
  1488 | D        | Killed an orc sorcerer
  1495 | D        | Killed an orc knight
  1496 | D        | Reached skill level 24 in Polearms
  1506 | D        | Killed an orc knight
  1702 | D        | Found Loiwk's Jewellery Emporium.
  1702 | D        | Noticed an orc sorcerer
  1702 | D        | Noticed an orc sorcerer
  1702 | D        | Noticed an orc sorcerer
  1702 | D        | Noticed an orc sorcerer
  1707 | D        | Noticed an orc sorcerer
  1707 | D        | Killed an orc sorcerer
  1710 | D        | Killed an orc sorcerer
  1711 | D        | Found Fehotar's Jewellery Shoppe.
  1714 | D        | Killed an orc sorcerer
  1717 | D        | Killed an orc sorcerer
  1718 | D        | Reached XP level 12. HP: 93/128 MP: 11/11
  1719 | D        | Found Ychyum's Antique Weapon Emporium.
  1723 | D        | Reached skill level 25 in Polearms
  1724 | D        | Found Coriram's Antique Weapon Shoppe.
  1920 | D        | Bought the +7 captain's cutlass {speed, disarm} for 648
                  | gold pieces
  1920 | D        | Found the +7 captain's cutlass {speed, disarm}
  1923 | D        | Bought a +1 pair of boots of flying for 214 gold pieces
  1923 | D        | Bought a potion of flight for 39 gold pieces
  1923 | D        | Bought a potion of haste for 130 gold pieces
  1972 | D        | Bought a glowing cloak for 150 gold pieces
  1975 | D        | Bought a potion of heal wounds for 220 gold pieces
  1975 | D        | Bought a condenser vane for 1760 gold pieces
  2107 | D        | Noticed a white very ugly thing
  2109 | D        | Noticed a vampire knight
  2111 | D        | Noticed a tengu warrior
  2111 | D        | Noticed an ettin
  2119 | D        | Killed a white very ugly thing
  2122 | D        | Reached skill level 26 in Polearms
  2124 | D        | Noticed a vampire mage
  2126 | D        | Noticed a rakshasa
  2126 | D        | HP: 5/130 [tengu warrior/+0 broad axe (4)]
  2129 | D        | Killed a tengu warrior
  2131 | D        | Mangled by a vampire knight

Illustrated notes

Levels and vault maps discovered:
D:        linesprint [early_d, line_temple, items_1, d_10, items_2, lair_1,
          lair_end, items_3, orc_1, orc_end, items_4, d_15, swamp_1, shoals_1,
          snake_1, spider_1, d_20, vaults_1, items_5, swamp_end, shoals_end,
          snake_end, spider_end, vaults_end, d_27, items_6, zot_1, zot_end,
          crypt_end, forest_end, elf_end, slime_end, tomb_end, abyss_end,
          pan_hell_end]

Skill      XL: |  1  2  3  4  5  6  7  8  9 10 11 12 |
---------------+-------------------------------------+-----
Polearms       | 5 9 11 12 15 16 19 22 24 26 | 26.1
Fighting       | 5 7 8 9 11 12 14 16 18 19 | 19.5
Armour         | 5 7 8 9 11 12 14 16 18 19 | 19.5
Shields        | |  3.6

Action                     |  1- 3 |  4- 6 |  7- 9 | 10-12 || total
---------------------------+-------+-------+-------+-------++-------
  Melee: Trident           |    26 |    13 |       |       ||    39
         Headbutt          |     4 |       |    16 |    42 ||    62
         Halberd           |       |    12 |    61 |   266 ||   339
 Invoke: Call Merchant     |       |       |       |     5 ||     5
    Use: Potion            |       |       |       |     3 ||     3
   Stab: Distracted        |       |       |       |     4 ||     4
 Armour: Scale mail        |     5 |     7 |       |       ||    12
         Ring mail         |       |    18 |    14 |    33 ||    65
         Plate armour      |       |       |       |    44 ||    44
  Dodge: Dodged            |    10 |    11 |    18 |    65 ||   104
  Block: Buckler           |     5 |     4 |       |       ||     9
